 Dungeon Crawl Stone Soup version 0.27-a0-1081-ge8a0a9c698 (webtiles) character file.

Game seed: 11684558613636906685

3 shoop the Grasshopper (level 1, -4/17 HPs)
             Began as a Barachi Warper on Apr 26, 2021.
             Slain by a gnoll
             ... wielding a +0 spear
              (8 damage)
             ... on level 1 of the Dungeon.
             The game lasted 00:00:21 (93 turns).

shoop the Grasshopper (Barachi Warper)                Turns: 93, Time: 00:00:21

Health: -4/17      AC:  3    Str: 12    XL:     1   Next: 50%
Magic:  3/3        EV: 11    Int: 13    God:
Gold:   0          SH:  0    Dex: 11    Spells: 4/4 levels left

rFire    . . .     SeeInvis .   a - +0 falchion
rCold    . . .     Faith    .   (no shield)
rNeg     . . .     Spirit   .   b - +0 leather armour
rPois    .         Reflect  .   (no helmet)
rElec    .         Harm     .   (no cloak)
rCorr    .         Rampage  .   (no gloves)
Will     .....                  (no boots)
Stlth    +.........             (no amulet)
HPRegen  0.05/turn              (no ring)
MPRegen  0.08/turn              (no ring)

@: slow
A: amphibious, slowness 1, strong legs 1, +LOS
a: Hop


You were on level 1 of the Dungeon.
You visited 1 branch of the dungeon, and saw 1 of its levels.

Inventory:

Hand Weapons
 a - a +0 falchion (weapon)
Missiles
 e - 5 boomerangs of dispersal (quivered)
Armour
 b - a +0 leather armour (worn)
Scrolls
 d - a scroll of blinking


   Skills:
 + Level 2.5 Fighting
 + Level 2.5 Long Blades
 - Level 1.0 Throwing
 + Level 1.3 Armour
 + Level 2.2 Dodging
 + Level 0.2 Stealth
 - Level 2.1 Spellcasting
 - Level 3.2 Translocations


You had 4 spell levels left.
You didn't know any spells.
Your spell library contained the following spells:

 Spells                   Type           Power      Damage    Failure   Level
 Blink                    Tloc           N/A        N/A       12%         2
 Gell's Gravitas          Tloc           4%         N/A       24%         3
 Lesser Beckoning         Tloc           4%         N/A       24%         3
 Teleport Other           Tloc           9%         N/A       24%         3
 Manifold Assault         Tloc           9%         N/A       92%         5


Dungeon Overview and Level Annotations

Branches:
Dungeon (1/15)

Altars:


Innate Abilities, Weirdness & Mutations

You are amphibious.
You cover ground slowly.
You can hop short distances.
You have an extended range of vision and can be seen from far away.


Message History

Found 3 gold pieces.
A gnoll comes into view. It is wielding a +0 spear.
A ball python and a quokka come into view.
The ball python hisses angrily.
The rat barely misses you.
You riposte.
You closely miss the rat.
The quokka moves out of view.
Found 9 gold pieces.
You barely miss the rat. The rat bites you.
You hit the rat.
You kill the rat!
The gnoll hits you from afar with a +0 spear.
Found a helmet and 18 stones.
The quokka barely misses you.
The gnoll hits you from afar with a +0 spear.
The ball python bites you. The ball python barely misses you.
The quokka barely misses you. The ball python bites you.
The ball python grabs you. The ball python constricts you.
You escape the ball python's grasp.
You hit the ball python.
You kill the ball python!
The gnoll hits you but does no damage. The gnoll hits you with a +0 spear.
You hit the gnoll.
The gnoll is lightly wounded.
The gnoll barely misses you.
You riposte.
You hit the gnoll.
The gnoll is moderately wounded.
You hit the gnoll.
The gnoll is heavily wounded.
The gnoll misses you.
You hit the gnoll.
The gnoll is almost dead.
The gnoll misses you.
You riposte.
You barely miss the gnoll.
The gnoll is almost dead.
You hit the gnoll but do no damage.
The gnoll is almost dead.
The gnoll hits you with a +0 spear.
* * * LOW HITPOINT WARNING * * *
The gnoll hits you with a +0 spear!
You die...

## #6 ###+ ## ..... #H ......
## .......## ## #T .........#
.# ## .......#..####+####.#
#h
.......###rg@.......#########
...........##.............##i
...........##.......### #.###
[......$...#####..##### #.##p
...........# ##.....###.###
...........# #..##.....###
#.................†.####....#
#.##........######..#........
# #......#.. .......#.#.#


You could see a gnoll and a quokka.

Vanquished Creatures
  A giant cockroach (D:1)
  A ball python (D:1)
  A bat (D:1)
  A rat (D:1)
4 creatures vanquished.

Notes
Turn   | Place    | Note
-------+----------+-------------------------------------------
     0 | D:1      | shoop the Barachi Warper began the quest for the Orb.
     0 | D:1      | Reached XP level 1. HP: 17/17 MP: 3/3
     2 | D:1      | Noticed a tengu
     2 | D:1      | Noticed an octopode
     4 | D:1      | Noticed an ogre
     6 | D:1      | Noticed a naga
     6 | D:1      | Noticed a demigod
     8 | D:1      | Noticed a dwarf
     8 | D:1      | Noticed a barachi
    10 | D:1      | Noticed a gargoyle
    10 | D:1      | Noticed a ghoul
    12 | D:1      | Noticed a vampire
    12 | D:1      | Noticed a centaur
    14 | D:1      | Noticed a vine stalker
    14 | D:1      | Noticed a merfolk
    16 | D:1      | Noticed a demonspawn
    18 | D:1      | Noticed a palentonga
    18 | D:1      | Noticed a minotaur
    20 | D:1      | Noticed a troll
    20 | D:1      | Noticed a formicid
    22 | D:1      | Noticed a felid
    22 | D:1      | Noticed a draconian
    24 | D:1      | Noticed a spriggan
    26 | D:1      | Noticed a human
    26 | D:1      | Noticed an elf
    93 | D:1      | Slain by a gnoll

Illustrated notes

Levels and vault maps discovered:
D:1:      kb_arrival_jail, layout_basic, hellmonk_ecumenical_altar_heavens_door,
          st_stairs_6, minmay_fountain_box, minmay_misc_feat_ornament,
          minmay_pentomino_x2

Action                   || total
-------------------------++-------
Melee: Falchion          ||    14
Armor: Leather armour    ||     4
Dodge: Dodged            ||    13
       Rpst.: Falchion   ||     5

Table legend: (Time is in decaauts)
 A = Elapsed time spent in this place.
 B = Non-inter-level travel time spent in this place.
 C = Inter-level travel time spent in this place.
 D = Time resting spent in this place.
 E = Time spent auto-exploring this place.
 F = Levels seen in this place.
 G = Mean time per level.
                   A        B        C        D        E       F      G
               +--------+--------+--------+--------+--------+-----+--------+
         Total |    107 |    107 |      0 |      0 |     73 |   1 |  107.0 |
       Dungeon |    107 |    107 |      0 |      0 |     73 |   1 |  107.0 |
               +--------+--------+--------+--------+--------+-----+--------+

Top non-repeatable levels by time:
     D:1: 107 daAuts
